 Dungeon Crawl Stone Soup version 0.18.1-48-g4cf74bf (webtiles) character file.

163 Heedrag the Conjurer (level 5, 0/28 HPs)
             Began as a Deep Elf Conjurer on Aug 14, 2016.
             Slain by a worker ant (5 damage)
             ... on level 3 of the Dungeon.
             The game lasted 00:03:22 (2095 turns).

Heedrag the Conjurer (Deep Elf Conjurer)            Turns: 2095, Time: 00:03:23

Health: 0/28       AC:  3    Str:  6    XL:     5   Next: 20%
Magic:  6/14       EV: 13    Int: 20    God:
Gold:   97         SH:  0    Dex: 15    Spells: 3 memorised, 4 levels left

rFire  . . .     SeeInvis .     l - +0 dagger
rCold  . . .     Gourm    .     a - +0 robe
rNeg   . . .     Faith    .     (no shield)
rPois  .         Spirit   .     (no helmet)
rElec  .         Dismiss  .     (no cloak)
rCorr  .         Reflect  .     f - +0 pair of gloves
SustAt .         Harm     .     (no boots)
MR     .....                    (no amulet)
Stlth  ++........               (no ring)
                                (no ring)

@: not resistant to hostile enchantments, unstealthy
A: no striking features
a: no special abilities


You were on level 3 of the Dungeon.
You were not hungry.

You visited 1 branch of the dungeon, and saw 3 of its levels.

You collected 97 gold pieces.

Inventory:

Hand Weapons
 l - a +0 dagger (weapon)
Armour
 a - a +0 robe (worn)
 f - a +0 pair of gloves (worn)
Scrolls
 g - 2 scrolls of immolation {unknown}
 h - a scroll of amnesia {unknown}
 j - a scroll of random uselessness {unknown}
 k - a scroll of magic mapping {unknown}
 n - 2 scrolls of identify {unknown}
Potions
 e - a potion of brilliance {unknown}
 m - a potion of heal wounds {unknown}
 p - a potion of haste {unknown}
 q - a potion of curing {unknown}
 r - a potion of magic {unknown}
 s - a potion of lignification {unknown}
Books
 b - a book of Conjurations

   Spells                             Type                      Level
   a - Magic Dart                     Conjuration                  1
   b - Searing Ray                    Conjuration                  2
   c - Dazzling Spray                 Conjuration/Hexes            3
   d - Fulminant Prism                Conjuration/Hexes            4
   e - Iskenderun's Mystic Blast      Conjuration                  4
   f - Iskenderun's Battlesphere      Conjuration/Charms           5
Comestibles
 c - a bread ration
 d - 2 meat rations
 i - a beef jerky
 o - 2 chunks of flesh


   Skills:
 - Level 2.4 Dodging
 - Level 2.4 Stealth
 + Level 5.1 Spellcasting
 * Level 6.2 Conjurations
 + Level 0.0 Charms


You had 4 spell levels left.
You knew the following spells:

 Your Spells              Type           Power        Failure   Level  Hunger
a - Magic Dart            Conj           ####         1%          1    None
b - Iskenderun's Mystic   Conj           ####....     10%         4    ####...
c - Iskenderun's Battles  Conj/Chrm      ###.....     89%         5    #####..


Dungeon Overview and Level Annotations

Branches:
Dungeon (3/15)

Altars:


Message History

Tha worker ant be moderately wounded.
Tha worker ant bites ye.
Castin': Magic Dart Confirm wit' . or Enter, or press ? or * ta list all spells.
Aimin': Magic Dart
Press: ? - help, Shift-Dir - straight line, f/p - worker ant
Aim: a worker ant (moderately wounded) Tha magic dart hits tha worker ant.
Tha worker ant be heavily wounded.
Tha worker ant bites ye.
* * * LOW HITPOINT WARNIN'
* * * Castin': Magic Dart Confirm wit' . or Enter, or press ? or * ta list all spells.
Aimin': Magic Dart
Press: ? - help, Shift-Dir - straight line, f/p - worker ant
Aim: a worker ant (heavily wounded) Tha magic dart hits tha worker ant.
Tha worker ant be heavily wounded.
Tha worker ant bites ye.
Ye die...

# . #####. # ..(...### #
.....[%a.# # #.# #@# #
#.# ##.##
##.#####...#######
#.................
#..#####...##..##
#..#.####.###..#
######...#.....# #..#
........###.######..#
.#####.).#.####.##..####


You could see a worker ant.

Vanquished Creatures
  2 orc wizards (D:3)
  Natasha (D:3)
  2 adders
  An ooze (D:2)
  3 worms (D:3)
  3 dart slugs
  3 giant geckos
  2 orcs (D:3)
  3 bats
  2 giant cockroaches (D:2)
  4 hobgoblins
  4 kobolds
  A quokka (D:2)
  A ball python (D:3)
  A ball python zombie (D:2)
  4 giant newts
  5 goblins
  2 rats (D:2)
44 creatures vanquished.

Notes
Turn   | Place    | Note
--------------------------------------------------------------
     0 | D:1      | Heedrag the Deep Elf Conjurer began the quest for the Orb.
     0 | D:1      | Reached XP level 1. HP: 10/10 MP: 6/6
   334 | D:1      | Reached XP level 2. HP: 15/15 MP: 3/8
   780 | D:2      | Found a faded altar to an unknown god.
   970 | D:2      | Reached XP level 3. HP: 19/19 MP: 3/10
   974 | D:2      | Reached skill level 5 in Conjurations
  1629 | D:3      | Reached XP level 4. HP: 12/24 MP: 1/12
  1891 | D:3      | Learned a level 4 spell: Iskenderun's Mystic Blast
  1963 | D:3      | Noticed Natasha
  1967 | D:3      | Killed Natasha
  1967 | D:3      | Reached skill level 5 in Spellcasting
  1994 | D:3      | Reached skill level 6 in Conjurations
  1994 | D:3      | Reached XP level 5. HP: 12/28 MP: 8/14
  2054 | D:3      | Learned a level 5 spell: Iskenderun's Battlesphere
  2095 | D:3      | Slain by a worker ant

Skill      XL: |  1  2  3  4 |
---------------+-------------+-----
Spellcasting   | 4 5 |  5.1
Conjurations   | 5 6 |  6.2
Dodging        | |  2.4
Stealth        | |  2.4

Action                   |  1- 3 |  4- 6 || total
-------------------------+-------+-------++-------
 Cast: Magic Dart        |    81 |    43 ||   124
  Eat: Chunk             |     2 |     1 ||     3
Dodge: Dodged            |     8 |     5 ||    13
